Map: Blackburn LE

Players

souL - Winner!

  • Race: Terran Terran

Hellraiser

  • Race: Protoss Protoss

Event: DreamHack SC2 Masters 2021 Fall

VOD

Have the link to the VOD?

Description

Time

  • Played on: Aug. 8, 2021, 2:10 p.m.
  • Length: 7:05

All games in this series

Show
View Real Time Build Order
Export as new Build Order

souL Terran - Winner!

Build Orders:  

Get SALT Encoding   

  12  0:00  SCV  
  13  0:12  SCV  
  14  0:17  Supply Depot  
  14  0:24  SCV  
  15  0:38  SCV  
  15  0:40  Barracks  
  16  0:45  Refinery  
  16  0:50  SCV  
  17  1:03  SCV  
  18  1:16  SCV  
  19  1:27  Marine  
  19  1:28  Orbital Command  
  20  1:41  Command Center  
  20  1:52  Factory  
  20  1:56  SCV  
  21  2:05  Barracks Reactor  
  21  2:09  Supply Depot  
  21  2:11  SCV  
  22  2:20  Refinery  
  22  2:23  SCV  
  23  2:35  SCV  
  24  2:41  Starport  
  24  2:46  Hellion  
  24  2:47  Marine, Hellion  
  29  2:51  SCV  
  29  2:58  Orbital Command  
  30  3:08  Hellion  
  30  3:09  Hellion  
  30  3:10  Barracks Tech Lab  
  34  3:17  Medivac  
  36  3:21  SCV  
  36  3:23  SCV  
  38  3:29  Supply Depot  
  38  3:33  SCV  
  39  3:36  SCV  
  39  3:38  Marine x2  
  42  3:41  Cyclone  
  42  3:48  Supply Depot  
  45  3:49  SCV  
  45  3:55  SCV  
  47  3:59  Marine  
  47  4:01  SCV  
  49  4:08  Marine  
  48  4:11  SCV  
  48  4:13  Siege Tank  
  52  4:17  Marine  
  52  4:18  SCV  
  52  4:23  SCV  
  49  4:26  Marine  
  49  4:27  Bunker  
  49  4:30  SCV  
  49  4:35  SCV  
  49  4:36  Barracks, Engineering Bay  
  49  4:37  Barracks  
  50  4:42  SCV  
  51  4:47  Siege Tank  
  51  4:48  SCV  
  51  4:49  Marine  
  51  4:50  Marine  
  57  4:54  SCV  
  57  4:58  Supply Depot  
  58  5:00  SCV  
  58  5:01  Refinery  
  58  5:05  Supply Depot  
  58  5:06  Terran Infantry Weapons Level 1, SCV  
  60  5:07  Marine  
  60  5:12  Missile Turret  
  61  5:15  Marine  
  61  5:20  SCV  
  63  5:21  Refinery  
  63  5:24  Supply Depot, Barracks Tech Lab  
  63  5:25  Marine  
  63  5:28  SCV  
  65  5:30  Supply Depot  
  65  5:31  Factory Tech Lab  
  65  5:32  Marine  
  66  5:36  Marauder  
  66  5:38  Starport Reactor  
  68  5:43  Marine  
  68  5:47  Supply Depot  
  69  5:50  Marine  
  69  5:51  Siege Tank  
  69  5:54  SCV  
  69  5:55  SCV  
  75  5:59  Marauder  
  75  6:00  Marine  
  75  6:03  Marauder  
  80  6:08  Marine  
  80  6:09  Supply Depot  
  81  6:17  Medivac x2  
  85  6:18  Marine  
  85  6:21  Marauder  
  85  6:23  Siege Tank  
  85  6:25  Marauder  
  93  6:26  Marine  
  93  6:28  SCV  
  92  6:39  Marine  
  94  6:49  Command Center  
  94  6:53  Barracks Tech Lab  
Show
View Real Time Build Order
Export as new Build Order

Hellraiser Protoss 

Build Orders: 1 Gate Expand, Blink Stalkers 

Get SALT Encoding   

  12  0:00  Probe  
  13  0:12  Probe  
  14  0:17  Pylon  
  14  0:24  Probe (Chrono Boost)  
  15  0:36  Probe (Chrono Boost)  
  15  0:38  Gateway  
  16  0:45  Probe (Chrono Boost)  
  16  0:46  Assimilator  
  17  0:51  Probe  
  18  1:03  Probe  
  19  1:15  Probe  
  20  1:25  Cybernetics Core  
  20  1:34  Nexus  
  20  1:40  Pylon  
  20  1:43  Probe  
  21  1:50  Assimilator  
  21  1:55  Probe  
  21  1:59  Adept (Chrono Boost)  
  22  2:04  Warp Gate  
  22  2:07  Probe (Chrono Boost)  
  26  2:16  Probe (Chrono Boost)  
  26  2:21  Probe (Chrono Boost)  
  26  2:22  Stalker  
  29  2:30  Twilight Council  
  29  2:33  Probe  
  30  2:47  Probe (Chrono Boost)  
  30  2:49  Probe (Chrono Boost)  
  32  2:57  Robotics Facility  
  34  2:58  Probe (Chrono Boost)  
  34  3:01  Probe (Chrono Boost)  
  34  3:03  Probe (Chrono Boost)  
  35  3:09  Gateway, Probe  
  36  3:14  Probe  
  36  3:19  Gateway  
  37  3:22  Probe  
  38  3:27  Blink  
  38  3:29  Probe (Chrono Boost)  
  40  3:34  Pylon  
  40  3:39  Probe (Chrono Boost)  
  41  3:41  Probe (Chrono Boost)  
  41  3:45  Observer  
  41  3:47  Probe (Chrono Boost)  
  41  3:48  Probe (Chrono Boost)  
  43  3:56  Stalker  
  43  3:57  Probe  
  43  3:58  Probe  
  42  4:07  Stalker  
  42  4:09  Probe (Chrono Boost)  
  44  4:15  Probe (Chrono Boost)  
  44  4:16  Stalker  
  39  4:20  Probe (Chrono Boost)  
  36  4:24  Probe (Chrono Boost)  
  36  4:29  Observer, Probe (Chrono Boost)  
  38  4:31  Probe (Chrono Boost)  
  38  4:36  Probe x2 (Chrono Boost)  
  40  4:45  Nexus  
  40  4:47  Probe (Chrono Boost)  
  40  4:50  Probe (Chrono Boost)  
  42  4:59  Probe (Chrono Boost)  
  43  5:04  Forge  
  43  5:06  Observer, Probe (Chrono Boost)  
  45  5:07  Probe (Chrono Boost)  
  45  5:14  Probe (Chrono Boost)  
  46  5:15  Probe (Chrono Boost)  
  47  5:22  Pylon  
  47  5:26  Stalker x2, Probe (Chrono Boost)  
  53  5:29  Probe (Chrono Boost)  
  53  5:31  Probe (Chrono Boost)  
  54  5:37  Pylon  
  54  5:42  Probe  
  55  5:44  Probe  
  55  5:49  Assimilator  
  56  5:51  Observer  
  56  5:54  Probe  
  56  5:56  Probe  
  58  6:00  Pylon  
  58  6:01  Stalker x2  
  62  6:09  Probe x2  
  64  6:13  Observer  
  66  6:19  Gateway  
  66  6:20  Gateway  
  66  6:21  Probe  
  66  6:22  Probe  
  66  6:24  Gateway  
  67  6:26  Probe  
  68  6:34  Probe x2  
  68  6:39  Probe  
  67  6:56  Stalker x3  
  67  7:00  Gateway  
  64  7:02  Gateway  

Tags
 
Add a new tag
Caveats
  • Supply blocks, unpowered buildings, or Contaminate may cause inaccurate times.
  • Supply counts are checked every 10 seconds.